TOP OF THE 1ST |
Kennesaw Jets batting - Pitching for Cut Off Crawdads : LHP Ronald Moore
|
Pitching: LHP Ronald Moore
|
|
Batting: LHB Ken Finlayson
|
0-0: Swinging Strike 0-1: Fly out, F7 (Flyball, 7S, EV 90.0 MPH)
|
Batting: RHB Justin Welch
|
0-0: Ball 1-0: Ball 2-0: Called Strike 2-1: Called Strike 2-2: Foul Ball, location: 2F 2-2: Strikes out swinging
|
Batting: RHB Patrice Ragot
|
0-0: Called Strike 0-1: Ball 1-1: Swinging Strike 1-2: Strikes out swinging
|
Top of the 1st over - 0 runs, 0 hits, 0 errors, 0 left on base; Kennesaw 0 - Cut Off 0 |
BOTTOM OF THE 1ST |
Cut Off Crawdads batting - Pitching for Kennesaw Jets : LHP Zakaria Cobar
|
Pitching: LHP Zakaria Cobar
|
|
Batting: SHB Jeremy Lovelace
|
0-0: Ball 1-0: Foul Ball, location: 2F 1-1: Ball 2-1: Fly out, F8 (Flyball, 8LD, EV 101.9 MPH)
|
Batting: RHB March Canning
|
0-0: Ground out 4-3 (Groundball, 4MD, EV 82.5 MPH)
|
Batting: RHB Iván Garza
|
0-0: SINGLE (Line Drive, 89M, EV 110.0 MPH)
|
Batting: RHB Henny Clerq
|
0-0: Ball 1-0: Fly out, F6 (Popup, 6, EV 61.9 MPH)
|
Bottom of the 1st over - 0 runs, 1 hit, 0 errors, 1 left on base; Kennesaw 0 - Cut Off 0 |
TOP OF THE 2ND |
Kennesaw Jets batting - Pitching for Cut Off Crawdads : LHP Ronald Moore
|
Batting: RHB Yong-sung Kim
|
0-0: Called Strike 0-1: Ball 1-1: TRIPLE (Groundball, 3L, EV 98.8 MPH)
|
Batting: RHB Ron Auten
|
0-0: Foul Ball, location: 2F 0-1: Foul Ball, location: 2F 0-2: Ball 1-2: DOUBLE (Flyball, 8LXD, EV 108.1 MPH) Yong-sung Kim scores
|
Batting: LHB Leonardo Silva
|
0-0: SINGLE (Line Drive, 6D, EV 103.1 MPH) Ron Auten to third
|
Batting: RHB John Richardson
|
0-0: Ball 1-0: Foul Ball, location: 2F 1-1: Ball 2-1: Swinging Strike 2-2: Foul Ball, location: 2F 2-2: Strikes out looking
|
Batting: RHB Bob Maxwell
|
0-0: Foul Ball, location: 2F 0-1: DOUBLE (Line Drive, 89D, EV 105.0 MPH) Ron Auten scores Leonardo Silva to third
|
Batting: RHB Diego Cabrera
|
0-0: Called Strike 0-1: Ball 1-1: SINGLE (Flyball, 5D, EV 91.2 MPH) Leonardo Silva scores Bob Maxwell to third
|
Batting: LHB Ken Finlayson
|
0-0: Fielders Choice at 2nd, 2-4 (Groundball, 2L, EV 66.2 MPH)
|
Batting: RHB Justin Welch
|
0-0: Ball 1-0: Ball 2-0: Called Strike 2-1: Ball 3-1: Called Strike 3-2: Strikes out swinging
|
Top of the 2nd over - 3 runs, 5 hits, 0 errors, 2 left on base; Kennesaw 3 - Cut Off 0 |
BOTTOM OF THE 2ND |
Cut Off Crawdads batting - Pitching for Kennesaw Jets : LHP Zakaria Cobar
|
Batting: LHB Arturo Cortéz
|
0-0: Fly out, F7 (Flyball, 7LM, EV 83.1 MPH)
|
Batting: RHB Francisco Ferrer
|
0-0: Fly out, F9 (Flyball, 9LM, EV 84.4 MPH)
|
Batting: LHB Mike Coleman
|
0-0: SINGLE (Line Drive, 8LS, EV 111.2 MPH)
|
Batting: SHB Dale Bland
|
0-0: Ball 1-0: Swinging Strike 1-1: Foul Ball, location: 2F 1-2: Strikes out swinging
|
Bottom of the 2nd over - 0 runs, 1 hit, 0 errors, 1 left on base; Kennesaw 3 - Cut Off 0 |
TOP OF THE 3RD |
Kennesaw Jets batting - Pitching for Cut Off Crawdads : LHP Ronald Moore
|
Batting: RHB Patrice Ragot
|
0-0: Swinging Strike 0-1: Ball 1-1: Ball 2-1: SINGLE (Groundball, 4MD, EV 106.9 MPH)
|
Batting: RHB Yong-sung Kim
|
0-0: Ball 1-0: Swinging Strike 1-1: Called Strike 1-2: Strikes out swinging
|
Batting: RHB Ron Auten
|
0-0: Ball 1-0: Ball 2-0: Fielders Choice at 2nd, 4-6 (Groundball, 4S, EV 93.8 MPH)
|
Batting: LHB Leonardo Silva
|
0-0: Swinging Strike 0-1: Called Strike 0-2: Strikes out swinging
|
Top of the 3rd over - 0 runs, 1 hit, 0 errors, 1 left on base; Kennesaw 3 - Cut Off 0 |
BOTTOM OF THE 3RD |
Cut Off Crawdads batting - Pitching for Kennesaw Jets : LHP Zakaria Cobar
|
Batting: RHB Donnie MacKim
|
0-0: Foul Ball, location: 2F 0-1: Ball 1-1: Fly out, F9 (Flyball, 9, EV 91.2 MPH)
|
Batting: SHB Jeremy Lovelace
|
0-0: Ball 1-0: Ground out 6-3 (Groundball, 6, EV 81.9 MPH)
|
Batting: RHB March Canning
|
0-0: Ball 1-0: Ball 2-0: Ball 3-0: Base on Balls
|
Batting: RHB Iván Garza
|
0-0: Ball 1-0: Ball 2-0: SINGLE (Groundball, 56D, EV 96.2 MPH) March Canning to second
|
Batting: RHB Henny Clerq
|
0-0: Ground out U3 (Groundball, 3, EV 106.2 MPH)
|
Bottom of the 3rd over - 0 runs, 1 hit, 0 errors, 2 left on base; Kennesaw 3 - Cut Off 0 |
TOP OF THE 4TH |
Kennesaw Jets batting - Pitching for Cut Off Crawdads : LHP Ronald Moore
|
Batting: RHB John Richardson
|
0-0: Foul Ball, location: 2F 0-1: Swinging Strike 0-2: Strikes out swinging
|
Batting: RHB Bob Maxwell
|
0-0: Called Strike 0-1: Ball 1-1: Ball 2-1: Ball 3-1: Foul Ball, location: 2F 3-2: Ground out 4-3 (Groundball, 4, EV 87.5 MPH)
|
Batting: RHB Diego Cabrera
|
0-0: Called Strike 0-1: Ball 1-1: Ball 2-1: Fly out, F8 (Flyball, 8RXD, EV 87.5 MPH)
|
Top of the 4th over - 0 runs, 0 hits, 0 errors, 0 left on base; Kennesaw 3 - Cut Off 0 |
BOTTOM OF THE 4TH |
Cut Off Crawdads batting - Pitching for Kennesaw Jets : LHP Zakaria Cobar
|
Batting: LHB Arturo Cortéz
|
0-0: Swinging Strike 0-1: Swinging Strike 0-2: Strikes out swinging
|
Batting: RHB Francisco Ferrer
|
0-0: Called Strike 0-1: Ball 1-1: Ball 2-1: Ball 3-1: Called Strike 3-2: Fly out, F8 (Flyball, 8RXD, EV 110.0 MPH)
|
Batting: LHB Mike Coleman
|
0-0: Ball 1-0: Fly out, F8 (Flyball, 8RD, EV 84.4 MPH)
|
Bottom of the 4th over - 0 runs, 0 hits, 0 errors, 0 left on base; Kennesaw 3 - Cut Off 0 |
TOP OF THE 5TH |
Kennesaw Jets batting - Pitching for Cut Off Crawdads : LHP Ronald Moore
|
Batting: LHB Ken Finlayson
|
0-0: Called Strike 0-1: Swinging Strike 0-2: Ball 1-2: Strikes out swinging, 2-3 out at first.
|
Batting: RHB Justin Welch
|
0-0: SINGLE (Groundball, 34, EV 99.4 MPH)
|
Batting: RHB Patrice Ragot
|
0-0: Ball 1-0: Foul Ball, location: 2F 1-1: Ball 2-1: DOUBLE (Groundball, 3D, EV 96.9 MPH) Justin Welch to third
|
Batting: RHB Yong-sung Kim
|
0-0: Intentional Walk
|
Batting: RHB Ron Auten
|
0-0: SINGLE (Groundball, 56D, EV 78.1 MPH) (infield hit) Justin Welch scores Patrice Ragot to third Yong-sung Kim to second
|
Batting: LHB Leonardo Silva
|
0-0: Called Strike 0-1: Ball 1-1: Swinging Strike 1-2: Strikes out swinging
|
Batting: RHB John Richardson
|
0-0: Ball 1-0: Ground out U3 (Groundball, 34, EV 81.9 MPH)
|
Top of the 5th over - 1 run, 3 hits, 0 errors, 3 left on base; Kennesaw 4 - Cut Off 0 |
BOTTOM OF THE 5TH |
Cut Off Crawdads batting - Pitching for Kennesaw Jets : LHP Zakaria Cobar
|
Batting: SHB Dale Bland
|
0-0: Called Strike 0-1: Ball 1-1: Ball 2-1: Called Strike 2-2: Ball 3-2: Base on Balls
|
Batting: RHB Donnie MacKim
|
0-0: Foul Ball, location: 2F 0-1: Ball 1-1: SINGLE (Line Drive, 6D, EV 98.8 MPH) Dale Bland to second
|
Batting: SHB Jeremy Lovelace
|
0-0: Grounds into double play, 5-4-3 (Groundball, 56, EV 86.2 MPH) Dale Bland to third
|
Batting: RHB March Canning
|
0-0: Called Strike 0-1: Foul Ball, location: 2F 0-2: SINGLE (Groundball, 4MD, EV 111.9 MPH) Dale Bland scores
|
Batting: RHB Iván Garza
|
0-0: Swinging Strike 0-1: Ball 1-1: Foul Ball, location: 2F 1-2: Strikes out swinging
|
Bottom of the 5th over - 1 run, 2 hits, 0 errors, 1 left on base; Kennesaw 4 - Cut Off 1 |
TOP OF THE 6TH |
Kennesaw Jets batting - Pitching for Cut Off Crawdads : LHP Ronald Moore
|
Batting: RHB Bob Maxwell
|
0-0: Ball 1-0: Foul Ball, location: 2F 1-1: Called Strike 1-2: Foul Ball, location: 2F 1-2: Strikes out swinging
|
Batting: RHB Diego Cabrera
|
0-0: Ball 1-0: Ground out 5-3 (Groundball, 56, EV 85.6 MPH)
|
Batting: LHB Ken Finlayson
|
0-0: Called Strike 0-1: Foul Ball, location: 2F 0-2: Ball 1-2: Ground out 6-3 (Groundball, 6, EV 100.0 MPH)
|
Top of the 6th over - 0 runs, 0 hits, 0 errors, 0 left on base; Kennesaw 4 - Cut Off 1 |
BOTTOM OF THE 6TH |
Cut Off Crawdads batting - Pitching for Kennesaw Jets : LHP Zakaria Cobar
|
Batting: RHB Henny Clerq
|
0-0: DOUBLE (Line Drive, 8LXD, EV 102.5 MPH)
|
Batting: LHB Arturo Cortéz
|
0-0: Ball 1-0: Foul Ball, location: 2F 1-1: Ball 2-1: Swinging Strike 2-2: Foul Ball, location: 2F 2-2: Strikes out looking
|
Batting: RHB Francisco Ferrer
|
0-0: Ball 1-0: Foul Ball, location: 2F 1-1: Swinging Strike 1-2: Foul Ball, location: 2F 1-2: Strikes out swinging
|
Batting: LHB Mike Coleman
|
0-0: Ball 1-0: Called Strike 1-1: Ball 2-1: Ball 3-1: Fly out, F9 (Flyball, 89M, EV 82.5 MPH)
|
Bottom of the 6th over - 0 runs, 1 hit, 0 errors, 1 left on base; Kennesaw 4 - Cut Off 1 |
TOP OF THE 7TH |
Kennesaw Jets batting - Pitching for Cut Off Crawdads : LHP Ronald Moore
|
Pitching: LHP Brad Pate
|
|
Batting: RHB Justin Welch
|
0-0: Ball 1-0: SOLO HOME RUN (Flyball, 7D, EV 99.4 MPH), Distance : 384 ft
|
Batting: RHB Patrice Ragot
|
0-0: Ball 1-0: Called Strike 1-1: Swinging Strike 1-2: TRIPLE (Flyball, 89XD, EV 107.5 MPH)
|
Batting: RHB Yong-sung Kim
|
0-0: Intentional Walk
|
Batting: RHB Ron Auten
|
0-0: Called Strike 0-1: Fly out, F8 (Flyball, 8RD, EV 95.6 MPH) Runner from 3rd tags up, SCORES, throw by CF
|
Batting: LHB Leonardo Silva
|
0-0: Ball 1-0: Ball Wild Pitch! Yong-sung Kim to second 2-0: Ball 3-0: Called Strike 3-1: Base on Balls
|
Batting: RHB John Richardson
|
0-0: Ball Leonardo Silva steals 2nd base Yong-sung Kim steals 3rd base 1-0: Called Strike 1-1: Fly out, F8 (Flyball, 89M, EV 83.8 MPH) Runner from 3rd tags up, SCORES, no throw by CF
|
Batting: RHB Bob Maxwell
|
0-0: Swinging Strike 0-1: Swinging Strike 0-2: Ball 1-2: Strikes out swinging
|
Top of the 7th over - 3 runs, 2 hits, 0 errors, 1 left on base; Kennesaw 7 - Cut Off 1 |
BOTTOM OF THE 7TH |
Cut Off Crawdads batting - Pitching for Kennesaw Jets : LHP Zakaria Cobar
|
Batting: SHB Dale Bland
|
0-0: Called Strike 0-1: Called Strike 0-2: Foul Ball, location: 2F 0-2: Ball 1-2: Ball 2-2: Ball 3-2: Base on Balls
|
Batting: RHB Donnie MacKim
|
0-0: Called Strike 0-1: Ball 1-1: Grounds into double play, 6-4-3 (Groundball, 6, EV 104.4 MPH)
|
Batting: SHB Jeremy Lovelace
|
0-0: Foul Ball, location: 2F 0-1: Ground out 5-3 (Groundball, 5, EV 108.1 MPH)
|
Bottom of the 7th over - 0 runs, 0 hits, 0 errors, 0 left on base; Kennesaw 7 - Cut Off 1 |
TOP OF THE 8TH |
Kennesaw Jets batting - Pitching for Cut Off Crawdads : LHP Brad Pate
|
Batting: RHB Diego Cabrera
|
0-0: Called Strike 0-1: SINGLE (Line Drive, 78M, EV 102.5 MPH)
|
Batting: LHB Ken Finlayson
|
0-0: Ball 1-0: Grounds into double play, 4-6-3 (Groundball, 34, EV 98.8 MPH)
|
Batting: RHB Justin Welch
|
0-0: Ball 1-0: Ball 2-0: Called Strike 2-1: Fly out, F8 (Flyball, 89D, EV 92.5 MPH)
|
Top of the 8th over - 0 runs, 1 hit, 0 errors, 0 left on base; Kennesaw 7 - Cut Off 1 |
BOTTOM OF THE 8TH |
Cut Off Crawdads batting - Pitching for Kennesaw Jets : LHP Zakaria Cobar
|
Pitching: RHP Michael Sutton
|
|
Batting: RHB March Canning
|
0-0: Ball 1-0: Called Strike 1-1: Ball 2-1: Ball 3-1: Foul Ball, location: 2F 3-2: Strikes out looking
|
Batting: RHB Iván Garza
|
0-0: Called Strike 0-1: Ball 1-1: Ball 2-1: SINGLE (Line Drive, 7S, EV 98.8 MPH)
|
Batting: RHB Henny Clerq
|
0-0: SINGLE (Line Drive, 78M, EV 103.1 MPH) Iván Garza to second
|
Batting: LHB Arturo Cortéz
|
0-0: Foul Ball, location: 2F 0-1: Foul Ball, location: 2F 0-2: Ball 1-2: Strikes out swinging
|
Batting: RHB Francisco Ferrer
|
0-0: Ball 1-0: Called Strike 1-1: Foul Ball, location: 2F 1-2: Foul Ball, location: 2F 1-2: Foul Ball, location: 2F 1-2: Ball Wild Pitch! Iván Garza to third Henny Clerq to second 2-2: Ball 3-2: SINGLE (Groundball, 56D, EV 103.8 MPH) Iván Garza scores Henny Clerq to third Runner from 3rd tries for Home, SAFE, throw by LF to home
|
Batting: LHB Mike Coleman
|
0-0: Ball Wild Pitch! Francisco Ferrer to second 1-0: Called Strike 1-1: SINGLE (Groundball, 56D, EV 98.1 MPH) Francisco Ferrer to third Runner from 3rd tries for Home, SAFE, throw by LF to home
|
Pitching: LHP Reggie Townshend
|
|
Batting: SHB Dale Bland
|
0-0: Reached on error, E1 (Groundball, 13, EV 76.9 MPH) Mike Coleman to second
|
Batting: RHB Donnie MacKim
|
0-0: Called Strike 0-1: Foul Ball, location: 2F 0-2: Strikes out swinging
|
Bottom of the 8th over - 3 runs, 4 hits, 1 error, 2 left on base; Kennesaw 7 - Cut Off 4 |
TOP OF THE 9TH |
Kennesaw Jets batting - Pitching for Cut Off Crawdads : LHP Brad Pate
|
Pitching: RHP Brant Owens
|
|
Batting: RHB Patrice Ragot
|
0-0: Called Strike 0-1: Called Strike 0-2: Foul Ball, location: 2F 0-2: Strikes out swinging
|
Batting: RHB Yong-sung Kim
|
0-0: Called Strike 0-1: Ball 1-1: Swinging Strike 1-2: Fly out, F6 (Popup, 56, EV 78.8 MPH)
|
Batting: RHB Ron Auten
|
0-0: Fly out, F7 (Flyball, 78M, EV 85.0 MPH)
|
Top of the 9th over - 0 runs, 0 hits, 0 errors, 0 left on base; Kennesaw 7 - Cut Off 4 |
BOTTOM OF THE 9TH |
Cut Off Crawdads batting - Pitching for Kennesaw Jets : LHP Reggie Townshend
|
Pitching: RHP Thom Adams
|
|
Batting: SHB Jeremy Lovelace
|
0-0: Called Strike 0-1: Ball 1-1: Swinging Strike 1-2: Fly out, F8 (Flyball, 8LM, EV 83.8 MPH)
|
Batting: RHB March Canning
|
0-0: Ball 1-0: Called Strike 1-1: Swinging Strike 1-2: Foul Ball, location: 2F 1-2: Ball 2-2: Ground out 1-3 (Groundball, 34S, EV 71.9 MPH)
|
Batting: RHB Iván Garza
|
0-0: Called Strike 0-1: Ball 1-1: Swinging Strike 1-2: Ball 2-2: Foul Ball, location: 2F 2-2: Ground out U3 (Groundball, 34S, EV 66.9 MPH)
|
Bottom of the 9th over - 0 runs, 0 hits, 0 errors, 0 left on base; Kennesaw 7 - Cut Off 4 |
|